 Dungeon Crawl Stone Soup version 0.30-a0-4-ga7cffc901d (webtiles) character file.

Game seed: 18051096656560217277

207 Setbun the Sneak (level 6, -3/34 HPs)
             Began as a Kobold Enchanter on Aug 20, 2022.
             Killed by nerve-wracking pain
             ... invoked by Grinder
              (5 damage)
             ... on level 3 of the Dungeon.
             The game lasted 00:02:47 (4520 turns).

Setbun the Sneak (Kobold Enchanter)                 Turns: 4520, Time: 00:02:48

Health: -3/34      AC:  2    Str:  5    XL:     6   Next: 11%
Magic:  10/10      EV: 15    Int: 17    God:
Gold:   130        SH:  5    Dex: 17    Spells: 10/10 levels left

rFire   . . .      SeeInvis .    a - +1 dagger
rCold   . . .      Faith    .    (no shield)
rNeg    + . .      Spirit   .    b - +0 robe
rPois   .          Reflect  +    (no helmet)
rElec   .          Harm     .    (no cloak)
rCorr   .          Rampage  .    (no gloves)
Will    .....                    (no boots)
Stlth   ++++......               h - amulet of reflection
HPRegen 0.11/turn                i - ring of positive energy
MPRegen 0.12/turn                (no ring)

@: no status effects
A: small, no large weapons, nightstalker 3
a: no special abilities


You were on level 3 of the Dungeon.
You visited 1 branch of the dungeon, and saw 3 of its levels.

You collected 130 gold pieces.

Inventory:

Hand Weapons
 a - a +1 dagger (weapon)
Armour
 b - a +0 robe (worn)
Jewellery
 e - a ring of resist corrosion
 h - an amulet of reflection (around neck)
 i - a ring of positive energy (left hand)
Scrolls
 j - 2 scrolls of identify {unknown}
 l - a scroll of magic mapping {unknown}
 m - 2 scrolls of teleportation {unknown}
 n - a scroll of poison {unknown}
 p - a scroll of enchant weapon {unknown}
 q - 2 scrolls of fear {unknown}
Potions
 c - 5 potions of invisibility
 d - a potion of haste {unknown}
 f - 2 potions of curing {unknown}
 g - a potion of heal wounds {unknown}
 k - a potion of mutation {unknown}
 o - a potion of might {unknown}
 r - a potion of magic {unknown}
 s - a potion of flight {unknown}


   Skills:
 + Level 1.6 Fighting
 * Level 4.0 Short Blades
 + Level 3.2 Dodging
 * Level 5.5 Stealth
 + Level 2.8 Spellcasting
 + Level 3.7 Hexes


You had 10 spell levels left.
You didn't know any spells.
Your spell library contained the following spells:

 Spells                   Type           Power      Damage    Failure   Level
 Confusing Touch          Hex            15%        N/A       12%         3
 Tukima's Dance           Hex            15%        N/A       12%         3
 Ensorcelled Hibernation  Hex/Ice        16%        N/A       13%         2
 Dazzling Flash           Conj/Hex       16%        N/A       26%         3
 Gell's Gravitas          Tloc           2%         N/A       47%         3
 Lesser Beckoning         Tloc           2%         N/A       47%         3
 Ozocubu's Armour         Ice            2%         N/A       47%         3
 Teleport Other           Tloc           2%         N/A       47%         3
 Ozocubu's Refrigeration  Ice            1%         4d7       100%        7


Dungeon Overview and Level Annotations

Branches:
Dungeon (3/15)

Altars:

Annotations:
D:3 Grinder


Innate Abilities, Weirdness & Mutations

You are small and have problems with some larger weapons.
You are completely attuned to the shadows.


Message History

You hit Grinder.
Grinder is moderately wounded.
Grinder hits you.
You writhe in agony.
You hit Grinder but do no damage.
Grinder is moderately wounded.
Grinder hits you!
You writhe in agony.
You hit Grinder.
Grinder is heavily wounded.
Grinder barely misses you.
You hit Grinder.
Grinder is heavily wounded.
Grinder closely misses you.
You hit Grinder but do no damage.
Grinder is heavily wounded.
You barely miss Grinder.
Grinder is heavily wounded.
You block Grinder's attack.
You hit Grinder but do no damage.
Grinder is heavily wounded.
Grinder gestures at you. Pain shoots through your body!
You hit Grinder but do no damage.
Grinder is heavily wounded.
Grinder misses you.
You hit Grinder.
Grinder is heavily wounded.
Grinder hits you but does no damage.
You hit Grinder.
Grinder is heavily wounded.
You hit Grinder.
Grinder is heavily wounded.
Grinder hits you!
* * * LOW HITPOINT WARNING * * *
You writhe in agony.
* * * LOW HITPOINT WARNING * * *
You hit Grinder.
Grinder is severely wounded.
Grinder gestures at you. Pain shoots through your body!
You die...

.#.#.#.#.#.#.##..#..#...#..#..#..
#.#.#.#.#.#.#.#..#..'...'..#..#..
.#.#.#.#.#.#.########...#######..
#.#.#.#.#.#.#.#.#.# ##.......5...
.#.#.#.#.#.#.#.#..# #...........
#.#.#.#.#.#.#.#.#.# #######'####
.#.#.#.#)#.#.#.#..# #.##
#.#.#.#.#.#.#.#.#.# #..#
.#.#.#.#.#.#.#.#@5###########.#
#.#.#.#.#.#.#.#.#.............###
.#.#.#.#.#.#.#.#'............(..#
#.#.#.#.#.#.#.#.#............##..
.#.#.#.#.#.#.#.#'............####
#.#.#.#.#.#.#.#.#............# #
†#.#.#.#.#.#.#.#.............# #
#.#.#.#.#.#.#.#.##############
.#.#.#.#.#.#.#.#.#


You could see Grinder.

Vanquished Creatures
  A hound (D:3)
  10 adders
  2 worms (D:2)
  2 dart slugs (D:2)
  2 orcs (D:3)
  4 bats
  8 endoplasms
  6 giant cockroaches
  7 goblins
  7 hobgoblins
  6 quokkas
  8 ball pythons
  4 frilled lizards
  4 kobolds
  6 rats
77 creatures vanquished.

Notes
Turn   | Place    | Note
-------+----------+-------------------------------------------
     0 | D:1      | Setbun the Kobold Enchanter began the quest for the Orb.
     0 | D:1      | Reached XP level 1. HP: 10/10 MP: 3/3
    88 | D:1      | Reached XP level 2. HP: 15/15 MP: 5/5
   349 | D:1      | Found a faded altar of an unknown god.
   619 | D:1      | Reached XP level 3. HP: 16/20 MP: 6/6
  1727 | D:2      | Reached XP level 4. HP: 24/24 MP: 7/7
  2138 | D:2      | Reached skill level 1 in Fighting
  2459 | D:2      | Reached skill level 5 in Stealth
  2806 | D:3      | Noticed Grinder
  2817 | D:3      | Paralysed by Grinder for 5 turns
  3516 | D:3      | Reached XP level 5. HP: 29/29 MP: 8/8
  4307 | D:3      | Reached XP level 6. HP: 34/34 MP: 10/10
  4520 | D:3      | Killed from afar by Grinder

Illustrated notes

Levels and vault maps discovered:
D:1:      dpeg_arrival_pits, layout_basic, basic_ecumenical_altar
D:2:      minmay_spotlight, layout_loops_corners
D:3:      layout_basic, minivault_14, minmay_snake_closets, uniq_grinder

Skill      XL: |  1  2  3  4  5  6 |
---------------+-------------------+-----
Short Blades   | 2 3 4 |  4.0
Fighting       | 1 |  1.6
Stealth        | 5 |  5.5
Dodging        | 3 |  3.2
Spellcasting   | |  2.8
Hexes          | |  3.7

Action                   |  1- 3 |  4- 6 || total
-------------------------+-------+-------++-------
Melee: Dagger            |    81 |   149 ||   230
       Punch             |       |     1 ||     1
 Stab: Sleeping          |    24 |    27 ||    51
       Distracted        |     1 |     1 ||     2
Armor: Robe              |     1 |     9 ||    10
Dodge: Dodged            |    37 |    54 ||    91
Block: Other             |       |    14 ||    14

Table legend: (Time is in decaauts)
 A = Elapsed time spent in this place.
 B = Non-inter-level travel time spent in this place.
 C = Inter-level travel time spent in this place.
 D = Time resting spent in this place.
 E = Time spent auto-exploring this place.
 F = Levels seen in this place.
 G = Mean time per level.
                   A        B        C        D        E       F      G
               +--------+--------+--------+--------+--------+-----+--------+
         Total |   4485 |   4416 |     69 |    989 |   2934 |   3 | 1495.0 |
       Dungeon |   4485 |   4416 |     69 |    989 |   2934 |   3 | 1495.0 |
               +--------+--------+--------+--------+--------+-----+--------+

Top non-repeatable levels by time:
     D:3: 1881 daAuts
     D:2: 1548 daAuts
     D:1: 1055 daAuts
